 Dungeon Crawl Stone Soup version 0.20-a0-309-gcba9277 (webtiles) character file.

231 gamerape the Sneak (level 6, -3/32 HPs)
             Began as a Vine Stalker Assassin on Dec 18, 2016.
             Was an Initiate of Okawaru.
             Killed by nerve-wracking pain
             ... invoked by Grinder
              (12 damage)
             ... on level 3 of the Dungeon.
             The game lasted 00:10:14 (2663 turns).

gamerape the Sneak (Vine Stalker Assassin)          Turns: 2663, Time: 00:10:15

Health: -3/32      AC:  3    Str: 14    XL:     6   Next: 4%
Magic:  0/7        EV: 12    Int: 11    God:    Okawaru [......]
Gold:   146        SH:  0    Dex: 17    Spells: 5/5 levels left

rFire  + . .     SeeInvis .     b - +0 blowgun
rCold  . . .     Gourm    .     c - +0 robe
rNeg   . . .     Faith    .     (no shield)
rPois  .         Spirit   +     (no helmet)
rElec  .         Reflect  .     d - +0 cloak
rCorr  .         Harm     .     (no gloves)
MR     .....                    (no boots)
Stlth  ++++......               (no amulet)
                                w - ring of protection from fire
                                u - ring of flight

@: very slightly contaminated, hasted, very quick
A: fangs 2, regeneration 1, magic shield, antimagic bite, no device heal 3, rot
immunity
a: Renounce Religion, Evoke Flight


You were on level 3 of the Dungeon.
You worshipped Okawaru.
Okawaru was noncommittal.
You were hungry.

You visited 1 branch of the dungeon, and saw 3 of its levels.

You collected 146 gold pieces.

Inventory:

Hand Weapons
 a - a +2 dagger
 b - a +0 blowgun (weapon)
Missiles
 e - 10 poisoned needles (quivered)
 f - 2 curare-tipped needles
 i - 5 javelins
Armour
 c - a +0 robe (worn)
 d - a +0 cloak (worn)
Jewellery
 u - a ring of flight (left hand)
 w - a ring of protection from fire (right hand)
Scrolls
 h - a scroll of recharging {unknown}
 j - 2 scrolls of random uselessness {unknown}
 m - a scroll of immolation {unknown}
 n - 2 scrolls of blinking {unknown}
 r - 2 scrolls of amnesia {unknown}
 v - 2 scrolls of identify {unknown}
 y - a scroll of remove curse {unknown}
 z - a scroll of teleportation {unknown}
 A - a scroll of fog {unknown}
 D - a scroll of fear {unknown}
Potions
 l - 2 potions of lignification {unknown}
 o - a potion of might
 p - a potion of heal wounds
 q - a potion of curing
 x - a potion of agility {unknown}
 B - a potion of resistance {unknown}
 C - a potion of flight {unknown}
Comestibles
 g - a bread ration
 k - 2 fruits
 t - a beef jerky
 E - a chunk of flesh


   Skills:
 + Level 2.5 Fighting
 + Level 3.2 Short Blades
 + Level 2.0 Throwing
 + Level 1.2 Dodging
 + Level 7.2 Stealth


You had 5 spell levels left.
You didn't know any spells.

Dungeon Overview and Level Annotations

Branches:
Dungeon (3/15)

Altars:
Okawaru
Sif Muna

Annotations:
D:3 Grinder; Rationalist's ghost, amateur MiFi


Innate Abilities, Weirdness & Mutations

You have extremely sharp teeth.
Your natural rate of healing is unusually fast.
When hurt, damage is shared between your health and your magic reserves.
Your bite disrupts and absorbs the magic of your enemies.
Potions and wands cannot restore your health.
You are immune to rotting.


Message History

Firing (i - inventory. (,) - cycle):
e - 13 poisoned needles (quivered)
Press: ? - help, Shift-Dir - straight line, f/p - Grinder
Aim: Grinder (severely wounded)
You shoot a poisoned needle.
The poisoned needle closely misses Grinder.
Grinder gestures at you.
You struggle to resist.
Firing (i - inventory. (,) - cycle):
e - 12 poisoned needles (quivered)
Press: ? - help, Shift-Dir - straight line, f/p - Grinder
Aim: Grinder (severely wounded)
You shoot a poisoned needle.
The poisoned needle barely misses Grinder.
Firing (i - inventory. (,) - cycle):
e - 11 poisoned needles (quivered)
Press: ? - help, Shift-Dir - straight line, f/p - Grinder
Aim: Grinder (severely wounded)
You shoot a poisoned needle. The poisoned needle hits Grinder.
Grinder is severely wounded.
Grinder gestures at you. Pain shoots through your body!
You die...

#.# ##############. #.#
.......(.((.... #.#
##.###(######## #.# #.#
#.# #[# #.# #.#
###########.#
#.##########...........#
#(.(....(5.@.###########
##############


You could see Grinder.

Vanquished Creatures
  An orc priest (D:3)
  2 orc wizards (D:3)
  Ijyb (D:3)
  6 adders
  An ooze (D:2)
  A worm (D:2)
  A dart slug (D:3)
  A leopard gecko (D:3)
  6 orcs (D:3)
  8 bats
  A giant cockroach (D:1)
  2 goblins (D:1)
  5 hobgoblins
  8 jackals (D:1)
  3 frilled lizards (D:3)
  6 kobolds
  4 rats
57 creatures vanquished.

Notes
Turn   | Place    | Note
-------+----------+-------------------------------------------
     0 | D:1      | gamerape the Vine Stalker Assassin began the quest for the Orb.
     0 | D:1      | Reached XP level 1. HP: 11/11 MP: 2/2
   109 | D:1      | Reached skill level 5 in Stealth
   283 | D:1      | Reached XP level 2. HP: 15/15 MP: 3/3
   579 | D:1      | Reached XP level 3. HP: 2/18 MP: 2/4
  1454 | D:2      | Found a deep blue altar of Sif Muna.
  1508 | D:2      | Found an iron altar of Okawaru.
  1523 | D:2      | Became a worshipper of Warmaster Okawaru
  1652 | D:2      | Reached skill level 6 in Stealth
  1663 | D:2      | Gained mutation: Your natural rate of healing is unusually fast. [Vine Stalker growth]
  1663 | D:2      | Reached XP level 4. HP: 16/23 MP: 1/5
  1883 | D:3      | Reached skill level 1 in Dodging
  1883 | D:3      | Reached XP level 5. HP: 26/26 MP: 6/6
  1950 | D:3      | Noticed Rationalist's ghost (amateur MiFi)
  2193 | D:3      | Reached skill level 7 in Stealth
  2360 | D:3      | Noticed Ijyb
  2420 | D:3      | Killed Ijyb
  2579 | D:3      | Reached XP level 6. HP: 29/32 MP: 7/7
  2606 | D:3      | Noticed Grinder
  2611 | D:3      | Paralysed by Grinder for 6 turns
  2652 | D:3      | Paralysed by Grinder for 5 turns
  2663 | D:3      | Killed from afar by Grinder

Vault maps used:
D:1:      sevenhm_arrival_forest_fort_large_4, serial_forest,
          infiniplex_forest_clump_C, infiniplex_forest_clump_small,
          infiniplex_forest_clump_diagonal, infiniplex_forest_lined_corner,
          infiniplex_forest_corner_2, infiniplex_forest_end_3,
          infiniplex_forest_clump_curved
D:2:      overflow_temple_1_default, okawaru_gym_becter
D:3:      minitemple, chequers_ecumenical_altar_simple, uniq_grinder, uniq_iyjb

Skill      XL: |  1  2  3  4  5 |
---------------+----------------+-----
Stealth        | 5 6 7 |  7.2
Short Blades   | 2 3 |  3.2
Fighting       | 2 |  2.5
Dodging        | 1 |  1.2
Throwing       | 2 |  2.0

Action                   |  1- 3 |  4- 6 || total
-------------------------+-------+-------++-------
Melee: Dagger            |    94 |   108 ||   202
       Bite              |    21 |    28 ||    49
 Fire: Blowgun           |     2 |    17 ||    19
Throw: Javelin           |       |     3 ||     3
  Use: Potion            |     2 |     1 ||     3
 Stab: Sleeping          |    10 |     8 ||    18
  Eat: Chunk             |     1 |     3 ||     4
       Fruit             |     1 |       ||     1
Armor: Robe              |    17 |    15 ||    32
Dodge: Dodged            |    40 |    52 ||    92
